 Dungeon Crawl Stone Soup version 0.25.1-2-g60ff931df9 (webtiles) character file.

Game seed: 13441649818868118982

34 DildoBatman the Magician (level 3, -1/24 HPs)
             Began as a Formicid Wizard on Sept 3, 2020.
             Splashed by a kobold's acid (12 damage)
             ... on level 3 of the Dungeon.
             The game lasted 00:04:44 (2256 turns).

DildoBatman the Magician (Formicid Wizard)          Turns: 2256, Time: 00:04:45

Health: -1/24      AC: -1    Str: 11    XL:     3   Next: 50%
Magic:  6/7        EV: 12    Int: 18    God:
Gold:   80         SH:  0    Dex:  9    Spells: 7/8 levels left

rFire    . . .     SeeInvis +   g - +1 club
rCold    . . .     Gourm    .   (no shield)
rNeg     . . .     Faith    .   a - +0 robe
rPois    .         Spirit   .   (helmet unavailable)
rElec    .         Reflect  .   c - +0 cloak
rCorr    .         Harm     .   (no gloves)
MR       .....                  (no boots)
Stlth    ++........             p - amulet of inaccuracy (curse)
HPRegen  0.08/turn              (no ring)
MPRegen  0.10/turn              (no ring)

@: corroded, very slightly contaminated
A: permanent stasis, dig shafts and tunnels, four strong arms, antennae 3
a: Dig, Shaft Self


You were on level 3 of the Dungeon.
You were near starving.

You visited 1 branch of the dungeon, and saw 3 of its levels.

You collected 80 gold pieces.

Inventory:

Hand Weapons
 g - a +1 club (weapon)
Missiles
 d - 18 bolts
 k - 11 sling bullets
 l - 50 stones
 m - 3 boomerangs (quivered)
 o - 18 arrows
Armour
 a - a +0 robe (worn)
 c - a +0 cloak (worn)
Jewellery
 p - a cursed amulet of inaccuracy (around neck)
Scrolls
 e - a scroll of enchant weapon
 h - a scroll of identify
Potions
 b - 2 potions of curing {unknown}
 f - a potion of flight {unknown}
 i - 2 potions of heal wounds {unknown}
 n - a potion of brilliance {unknown}
Comestibles
 v - 6 rations


   Skills:
 - Level 1.7 Dodging
 - Level 2.4 Stealth
 - Level 3.2 Spellcasting
 * Level 2.8 Conjurations
   Level 1.0 Summonings
   Level 0.8 Translocations


You had 7 spell levels left.
You knew the following spells:

 Your Spells              Type           Power        Failure   Level  Hunger
c - Magic Dart            Conj           ##..         4%          1    None

Your spell library contained the following spells:

 Spells                   Type           Power        Failure   Level  Hunger
 Call Imp                 Summ           #.......     16%         2    ##.....
 Slow                     Hex            #.......     24%         2    ##.....
 Conjure Flame            Conj/Fire      #.......     26%         3    ###....
 Mephitic Cloud           Conj/Pois/Air  #.......     32%         3    ###....
 Blink                    Tloc           Unusable     N/A         2    N/A

Dungeon Overview and Level Annotations

Branches:
Dungeon (3/15)

Altars:

Annotations:
D:2 exclusion: worm, Jessica


Innate Abilities, Weirdness & Mutations

You cannot be hasted, slowed, berserked, paralysed or teleported.
You can dig through walls and to a lower floor.
Your four strong arms can wield two-handed weapons with a shield.
You have a pair of large antennae on your head. (SInv)


Message History

Level annotation: exclusion: worm, Jessica
There is a stone staircase leading down here.
You start resting.
Magic restored.
You climb downwards.
There is a stone staircase leading up here.
Casting: Magic Dart (safe; 4% risk of failure)
Confirm with . or Enter, or press ? or * to list all spells.
Aiming: Magic Dart (safe; 4% risk of failure)
Press: ? - help, Shift-Dir - straight line, f - kobold
Aim: a kobold, wielding a +0 short sword, wearing a +0 chain mail, quivering 18 stones and carrying a wand of acid (9)
You miscast Magic Dart.
You are very lightly contaminated with residual magic.
Nothing appears to happen.
The kobold zaps a wand.
The bolt of acid hits you! The acid corrodes you!
You are splashed with acid!
Ouch! That really hurt!
You die...

#.##.........
#.##.########
#.##.###
#......#
####.#.#
#.#.# #.#.# #
#.#.##.#
#.@....#
#...####
####...#
#..K...#
#.##..##
#.##..#######
#.##.........
#.###.#######
#K###.###


You could see a kobold.

Vanquished Creatures
  A dart slug (D:1)
  3 orcs (D:3)
  3 giant cockroaches
  3 goblins
  5 hobgoblins
  2 kobolds
  4 ball pythons
  A bat (D:1)
  4 rats
26 creatures vanquished.

Notes
Turn   | Place    | Note
-------+----------+-------------------------------------------
     0 | D:1      | DildoBatman the Formicid Wizard began the quest for the
                  | Orb.
     0 | D:1      | Reached XP level 1. HP: 13/13 MP: 4/4
    79 | D:1      | Reached skill level 1 in Conjurations
   379 | D:1      | Reached XP level 2. HP: 14/19 MP: 1/6
  1198 | D:2      | Reached XP level 3. HP: 24/24 MP: 1/7
  1370 | D:2      | Noticed Jessica
  2256 | D:3      | Splashed by a kobold's acid

Illustrated notes

Levels and vault maps discovered:
D:1:      nzn_arrival_settlement, layout_loops_ring
D:2:      layout_basic, uniq_jessica
D:3:      layout_loops_ring, uniq_robin

Skill      XL: |  1  2 |
---------------+-------+-----
Conjurations   | 1 2 |  2.8
Dodging        | |  1.7
Stealth        | |  2.4
Spellcasting   | |  3.2
Summonings     | |  1.0
Translocations | |  0.8

Action                   || total
-------------------------++-------
Melee: Club              ||    18
Throw: Boomerang         ||    23
 Cast: Magic Dart        ||    85
 Abil: Dig               ||     2
  Use: Scroll            ||     2
  Eat: Chunk             ||     2
Armor: Robe              ||    11
Dodge: Dodged            ||    33
